Map: Prion Terraces

Players

Chocodile

  • Race: Protoss Protoss
  • League: Diamond

TTS - Winner!

  • Race: Protoss Protoss
  • League: Platinum

VOD

Have the link to the VOD?

Description

Time

  • Played on: Feb. 23, 2016, 11:16 p.m.
  • Length: 8:48
Show
View Real Time Build Order
Export as new Build Order

Chocodile Protoss 

Build Orders:  

Get SALT Encoding   

  12  0:01  Probe (Chrono Boost)  
  13  0:14  Pylon  
  13  0:20  Probe (Chrono Boost)  
  14  0:33  Gateway  
  14  0:37  Probe (Chrono Boost)  
  15  0:55  Probe (Chrono Boost)  
  16  0:58  Assimilator  
  16  1:06  Probe (Chrono Boost)  
  17  1:16  Probe (Chrono Boost)  
  18  1:20  Pylon  
  18  1:21  Zealot (Chrono Boost)  
  20  1:30  Pylon  
  20  1:33  Probe  
  21  1:45  Probe  
  24  1:57  Probe  
  23  2:09  Cybernetics Core, Probe  
  23  2:14  Assimilator  
  24  2:18  Nexus  
  24  2:49  Stargate  
  24  2:54  Pylon  
  24  3:20  Forge  
  24  3:24  Probe  
  25  3:29  Probe  
  26  3:35  Void Ray (Chrono Boost), Assimilator  
  26  3:36  Probe  
  26  3:39  Probe  
  32  3:48  Probe  
  32  3:50  Probe  
  34  3:59  Photon Cannon  
  34  4:01  Probe  
  33  4:08  Photon Cannon  
  33  4:24  Void Ray (Chrono Boost)  
  37  4:28  Stargate  
  37  4:31  Probe  
  38  4:40  Probe  
  38  4:42  Pylon  
  38  4:43  Probe  
  40  4:50  Assimilator  
  40  4:52  Probe  
  40  4:55  Probe  
  42  5:05  Void Ray (Chrono Boost)  
  46  5:11  Photon Cannon  
  46  5:17  Void Ray (Chrono Boost)  
  50  5:32  Probe  
  51  6:03  Pylon  
  51  6:05  Nexus  
  51  6:21  Void Ray x2 (Chrono Boost)  
  59  6:27  Mothership Core  
  61  6:32  Fleet Beacon  
  45  6:58  Photon Cannon  
  45  6:59  Void Ray x2 (Chrono Boost)  
  53  7:02  Stargate  
  47  7:22  Probe  
  48  7:32  Probe  
  48  7:36  Void Ray (Chrono Boost)  
  53  7:46  Probe  
  53  7:47  Probe  
  53  7:49  Void Ray (Chrono Boost)  
  59  7:57  Probe  
  59  8:07  Probe  
  62  8:22  Pylon  
  62  8:23  Pylon  
Show
View Real Time Build Order
Export as new Build Order

TTS Protoss - Winner!

Build Orders:  

Get SALT Encoding   

  12  0:02  Probe (Chrono Boost)  
  13  0:13  Probe (Chrono Boost)  
  14  0:24  Probe (Chrono Boost)  
  14  0:27  Pylon  
  15  0:46  Probe (Chrono Boost)  
  16  0:55  Forge  
  16  0:56  Probe (Chrono Boost)  
  17  1:23  Probe (Chrono Boost)  
  18  1:36  Gateway, Probe (Chrono Boost)  
  19  1:41  Pylon  
  19  1:48  Nexus  
  19  1:49  Probe (Chrono Boost)  
  20  1:57  Assimilator  
  20  2:01  Probe (Chrono Boost), Assimilator  
  20  2:06  Pylon  
  20  2:11  Gateway, Probe (Chrono Boost)  
  21  2:22  Probe (Chrono Boost)  
  22  2:25  Cybernetics Core  
  22  2:33  Photon Cannon  
  22  2:38  Probe (Chrono Boost)  
  22  2:43  Zealot  
  25  2:49  Probe (Chrono Boost)  
  26  2:59  Probe (Chrono Boost)  
  26  3:02  Warp Gate (Chrono Boost)  
  27  3:10  Probe (Chrono Boost), Mothership Core (Chrono Boost)  
  30  3:15  Stalker (Chrono Boost)  
  32  3:20  Probe (Chrono Boost)  
  32  3:22  Sentry (Chrono Boost)  
  35  3:29  Probe  
  35  3:30  Pylon  
  35  3:32  Probe  
  37  3:41  Probe  
  39  3:48  Probe  
  39  3:52  Stalker x2 (Chrono Boost)  
  39  3:53  Probe  
  44  4:00  Probe  
  45  4:05  Probe  
  46  4:12  Probe  
  46  4:13  Stargate  
  46  4:16  Assimilator  
  47  4:17  Probe, Assimilator  
  46  4:24  Probe  
  46  4:29  Probe  
  48  4:35  Robotics Facility  
  48  4:36  Probe  
  49  4:39  Nexus  
  49  4:44  Probe  
  50  4:45  Protoss Ground Weapons Level 1  
  50  4:49  Probe  
  50  4:52  Gateway  
  51  4:56  Probe  
  52  5:01  Probe  
  52  5:07  Pylon  
  53  5:08  Probe  
  54  5:20  Oracle (Chrono Boost)  
  54  5:25  Probe x2  
  54  5:26  Pylon  
  59  5:29  Pylon, Gateway  
  59  5:30  Gateway  
  59  5:33  Gateway  
  59  5:39  Pylon  
  59  5:41  Warp Prism (Chrono Boost)  
  61  5:49  Probe  
  61  5:50  Probe x2  
  61  5:53  Gateway  
  61  5:55  Gateway  
  64  6:02  Gateway  
  64  6:04  Gateway, Probe  
  64  6:05  Probe  
  66  6:12  Stalker x3  
  66  6:16  Observer (Chrono Boost)  
  73  6:20  Pylon  
  73  6:24  Probe  
  72  6:30  Probe  
  73  6:35  Stalker x4  
  77  6:47  Twilight Council  
  75  6:54  Pylon  
  75  6:56  Probe  
  75  6:57  Probe x2  
  75  6:58  Assimilator  
  75  7:00  Pylon  
  78  7:14  Stalker x3  
  78  7:15  Stalker x4  
  90  7:16  Stalker  
  91  7:32  Adept  
  91  7:33  Adept  
  95  7:39  Stalker x2  
  95  7:40  Stalker x4  
  95  7:41  Stalker  
  109  7:45  Pylon  
  109  7:48  Pylon  
  109  8:04  Stalker x3  
  109  8:05  Stalker x3  
  117  8:07  Stalker  
  119  8:14  Stalker x3  
  121  8:23  Pylon  
  121  8:27  Stalker  
  121  8:28  Stalker  
Tags
 
Add a new tag
Caveats
  • Supply blocks, unpowered buildings, or Contaminate may cause inaccurate times.
  • Supply counts are checked every 10 seconds.